 Dungeon Crawl Stone Soup version 0.30.1-11-g7821555f0a (webtiles) character file.

Game seed: 16488256452032125481

494 pkoi the Destroyer (level 6, -2/45 HPs)
             Began as a Draconian Conjurer on Nov 12, 2023.
             Slain by a sleepcap (14 damage)
             ... on level 4 of the Dungeon.
             The game lasted 00:05:16 (5807 turns).

pkoi the Destroyer (Draconian Conjurer)             Turns: 5807, Time: 00:05:17

Health: -2/45      AC:  7    Str: 10    XL:     6   Next: 92%
Magic:  3/9        EV:  2    Int: 20    God:
Gold:   241        SH:  0    Dex:  9    Spells: 6/9 levels left

rFire   . . .        c - +2 hand axe (flame)
rCold   . . .        (no shield)
rNeg    . . .        (body armour unavailable)
rPois   .            (helmet restricted)
rElec   .            o - +0 cloak
rCorr   .            (no gloves)
SInv    .            (no boots)
Will    .....        (no amulet)
Stlth   ++           (no ring)
HPRegen 0.27/turn    (no ring)
MPRegen 0.11/turn

%: no passive effects
@: sleeping
A: AC +6, unfitting armour, cold-blooded
a: no special abilities


You were on level 4 of the Dungeon.
You visited 1 branch of the dungeon, and saw 5 of its levels.

You collected 241 gold pieces.

Inventory:

Hand Weapons
 c - a +2 hand axe of flaming (weapon)
 d - a +0 sling
Missiles
 e - a throwing net
 i - 4 curare-tipped darts
Armour
 o - a +0 cloak (worn)
Jewellery
 j - a ring of ice
 k - a +6 ring of intelligence
Wands
 n - a wand of flame (18)
Scrolls
 g - a scroll of acquirement
 h - a scroll of teleportation
 m - 2 scrolls of magic mapping
 q - a scroll of blinking {unknown}
 r - a scroll of fear {unknown}
Potions
 a - 2 potions of magic
 b - 2 potions of flight {unknown}
 f - a potion of invisibility
 l - a potion of ambrosia {unknown}
 p - a potion of attraction {unknown}


   Skills:
 - Level 1.7 Dodging
 - Level 1.7 Stealth
 - Level 2.0 Spellcasting
 + Level 8.4 Conjurations


You had 6 spell levels left.
You knew the following spells:

 Your Spells              Type           Power      Damage    Failure   Level
a - Magic Dart            Conj           100%       1d8       1%          1
b - Searing Ray           Conj           70%        2d7       1%          2

Your spell library contained the following spells:

 Spells                   Type           Power      Damage    Failure   Level
 Dazzling Flash           Conj/Hex       36%        N/A       9%          3
 Fulminant Prism          Conj/Hex       9%         3d6       28%         4
 Iskenderun's Mystic Bla  Conj/Tloc      18%        2d6       28%         4
 Summon Guardian Golem    Hex/Summ       2%         N/A       43%         3
 Petrify                  Tmut/Erth      2%         N/A       83%         4
 Metabolic Englaciation   Hex/Ice        1%         N/A       99%         5
 Statue Form              Tmut/Erth      1%         N/A       100%        6
 Orb of Destruction       Conj           17%        9d7       99%         7
 Spellforged Servitor     Conj/Summ      9%         N/A       100%        7


Dungeon Overview and Level Annotations

Branches:
Dungeon (5/15)
 Temple: D:4-7

Altars:
Elyvilon
Fedhas


Innate Abilities, Weirdness & Mutations

Your plain brown scales are hard. (AC +6)
You cannot fit into any form of body armour.
You are cold-blooded and may be slowed by cold attacks.


Message History

There is an open door here.
The orc complains repeatedly, as Orcs often do.
Casting: Magic Dart (safe; 1% risk of failure)
Confirm with . or Enter, or press ? or * to list all spells.
Aiming: Searing Ray (safe; 1% risk of failure)
Press: ? - help, Shift-Dir - straight line, f - sleepcap
Aim: a sleepcap (100% to hit)
The searing ray hits the sleepcap.
The sleepcap is lightly damaged.
The searing ray hits the orc.
You kill the orc!
The searing ray misses the orc. (Press . to maintain the ray.)
The sleepcap releases spores at you!
You are engulfed in a cloud of soporific spores!
You fall asleep.
The sleepcap releases spores at you!
You wake up.
The sleepcap barely misses you.
The sleepcap releases spores at you but does no damage.
Unknown command.
The sleepcap barely misses you. The sleepcap closely misses you.
Unknown command.
Casting: Searing Ray (safe; 1% risk of failure)
Confirm with . or Enter, or press ? or * to list all spells.
Aiming: Searing Ray (safe; 1% risk of failure)
Press: ? - help, Shift-Dir - straight line, f/p - sleepcap
Aim: a sleepcap (lightly damaged, 100% to hit)
The searing ray hits the sleepcap!
The sleepcap is heavily damaged.
The searing ray hits the orc!
You kill the orc! (Press . to maintain the ray.)
The sleepcap releases spores at you.
* * * LOW HITPOINT WARNING * * *
You are engulfed in a cloud of soporific spores!
You fall asleep.
The sleepcap barely misses you. The sleepcap releases spores at you!
You die...

### #### ### #.###..######.#
#.............# #.###......##.#
#.###....#.##.#
#########......#@#.##.# #######
........######.#f#....# #......
...........[...#)##########......
...............#'###.............
#######.>.........##.............
######..........................
#...##....)..#.......##.........
#...####.............##.........
#....................##.........


You could see a sleepcap.

Vanquished Creatures
  Eustachio (D:4)
  A phantom (D:4)
  A scorpion (D:4)
  A jelly (D:4)
  An orc wizard (D:3)
  4 gnolls (D:2)
  3 adders
  A worm (D:3)
  A dart slug (D:2)
  7 orcs
  8 ball pythons
  5 bats
  6 endoplasms
  6 giant cockroaches
  4 goblins
  7 hobgoblins
  13 jackals
  6 quokkas
  7 frilled lizards
  5 kobolds
  A rat (D:1)
89 creatures vanquished.

Notes
Turn   | Place    | Note
-------+----------+-------------------------------------------
     0 | D:1      | pkoi the Draconian Conjurer began the quest for the Orb.
     0 | D:1      | Reached XP level 1. HP: 14/14 MP: 3/3
   426 | D:1      | Reached XP level 2. HP: 20/20 MP: 1/5
  1146 | D:1      | Reached skill level 5 in Conjurations
  1147 | D:1      | Reached XP level 3. HP: 26/26 MP: 1/6
  2313 | D:2      | Identified a scroll of acquirement
  2508 | D:2      | Learned a level 2 spell: Searing Ray
  2639 | D:2      | Reached XP level 4. HP: 33/33 MP: 0/7
  2975 | D:2      | Found a faded altar of an unknown god.
  3075 | D:2      | Reached skill level 6 in Conjurations
  3739 | D:3      | Reached XP level 5. HP: 24/38 MP: 2/8
  4376 | D:4      | Found a white marble altar of Elyvilon.
  4415 | D:4      | Noticed a phantom
  4436 | D:4      | Killed a phantom
  4437 | D:4      | Reached skill level 7 in Conjurations
  4526 | D:4      | Reached XP level 6. HP: 45/45 MP: 3/9
  4795 | D:4      | Identified the +1 robe of Noegy {Int+3 Dex+3}
  4806 | D:4      | Noticed Eustachio
  5181 | D:4      | Found a blossoming altar of Fedhas.
  5572 | D:4      | Killed Eustachio
  5573 | D:4      | Reached skill level 8 in Conjurations
  5781 | D:5      | Entered Level 5 of the Dungeon
  5807 | D:4      | Slain by a sleepcap

Illustrated notes

Levels and vault maps discovered:
D:1:      heliophobic_arrival_henge, layout_basic, serial_forest,
          infiniplex_forest_clump_medium, infiniplex_forest_fountain,
          infiniplex_forest_clump_double, infiniplex_forest_3_way,
          infiniplex_forest_clump_small, infiniplex_forest_side_room,
          infiniplex_forest_clump_small, infiniplex_forest_lined_room_2
D:2:      layout_basic, ebering_ecumenical_altar_abandoned
D:3:      layout_basic, minmay_between
D:4:      layout_basic, marbit_many_paths, fedhas_altar_fruit_tree,
          uniq_eustachio
D:5:      layout_loops_cross, columned_hall_lemuel

Skill      XL: |  1  2  3  4  5  6 |
---------------+-------------------+-----
Conjurations   | 5 6 7 8 |  8.4
Dodging        | |  1.7
Stealth        | |  1.7
Spellcasting   | |  2.0

Action                     |  1- 3 |  4- 6 || total
---------------------------+-------+-------++-------
  Melee: Unarmed           |    46 |       ||    46
         Tailslap          |     6 |       ||     6
         Hand axe          |    19 |     9 ||    28
   Cast: Magic Dart        |    77 |   105 ||   182
         Searing Ray       |     1 |     5 ||     6
    Use: Scroll            |     3 |     3 ||     6
 Armour: Skin              |    33 |    33 ||    66
  Dodge: Dodged            |    72 |    48 ||   120
